 Dungeon Crawl Stone Soup version 0.18-a0-94-ga8e041d (webtiles) character file.

252 Proton the Covered (level 5, -3/49 HPs)
             Began as a Deep Dwarf Fighter on Nov 14, 2015.
             Slain by Proton's ghost (8 damage)
             ... on level 4 of the Dungeon.
             The game lasted 00:05:31 (2176 turns).

Proton the Covered (Deep Dwarf Fighter)             Turns: 2176, Time: 00:05:31

Health: -3/49      AC: 14    Str: 21    XL:     5   Next: 89%
Magic:  14/14      EV:  5    Int:  8    God:
Gold:   146        SH:  9    Dex: 12    Spells: 0 memorised, 4 levels left

rFire  . . .     SeeInvis +     a - +0 war axe
rCold  . . .     Clarity  .     h - +0 plate armour
rNeg   . . .     SustAt   .     c - +0 shield
rPois  .         Gourm    .     p - +0 helmet {SInv}
rElec  .         Spirit   .     o - +0 cloak
rCorr  .         Warding  .     (no gloves)
rMut   .         Stasis   .     (no boots)
MR     .....                    (no amulet)
Stlth  ..........               (no ring)
                                k - ring of magical power

@: non-regenerating, not resistant to hostile enchantments, extremely unstealthy
A: damage resistance, recharge devices, sense surroundings 1, slow regeneration
3
a: Device Recharging


You were on level 4 of the Dungeon.
You were not hungry.

You visited 1 branch of the dungeon, and saw 4 of its levels.

You collected 146 gold pieces.

Inventory:

Hand Weapons
 a - a +0 war axe (weapon)
Armour
 c - a +0 shield (worn)
 h - a +0 plate armour (worn)
 o - a +0 cloak (worn)
 p - a +0 helmet of see invisible (worn)
 q - a +1 helmet
Jewellery
 k - a ring of magical power (left hand)
Wands
 e - a wand of heal wounds (4)
Scrolls
 i - a scroll of teleportation {unknown}
 j - 2 scrolls of blinking {unknown}
 l - 2 scrolls of identify {unknown}
 n - a scroll of enchant weapon {unknown}
 s - a scroll of magic mapping {unknown}
 t - a scroll of recharging {unknown}
 u - 3 scrolls of fear {unknown}
Potions
 d - 2 potions of might
 g - a potion of agility {unknown}
 m - a potion of curing {unknown}
 r - a potion of magic {unknown}
 v - a potion of cancellation {unknown}
 w - 2 potions of mutation {unknown}
Comestibles
 b - 3 meat rations
 f - 2 bread rations


   Skills:
 + Level 3.0 Fighting
 * Level 3.5 Axes
 * Level 5.0 Armour
 * Level 2.6 Dodging
 * Level 4.3 Shields


You had 4 spell levels left.
You didn't know any spells.

Dungeon Overview and Level Annotations

Branches:
Dungeon (4/15)
 Temple: D:4-7

Altars:
Cheibriados
Elyvilon
Kikubaaqudgha

Annotations:
D:4 Proton's ghost, novice NaFi


Innate Abilities, Weirdness & Mutations

You are resistant to damage.
You can recharge devices by infusing magical energy.
You passively map a small area around you.
You do not regenerate naturally.


Message History

Proton's ghost is heavily damaged.
Proton's ghost hits you.
You hit Proton's ghost.
Proton's ghost is heavily damaged.
You block Proton's ghost's attack.
You hit Proton's ghost but do no damage.
Proton's ghost is heavily damaged.
You block Proton's ghost's attack.
Proton's ghost hits you but does no damage.
Your shield prevents you from hitting Proton's ghost.
Proton's ghost is heavily damaged.
Proton's ghost hits you but does no damage.
You slash Proton's ghost!
Proton's ghost is severely damaged.
Proton's ghost hits you!
* * * LOW HITPOINT WARNING * * *
You hit Proton's ghost but do no damage.
Proton's ghost is severely damaged.
Proton's ghost hits you!
You die...

, , , , , , , ,*
* , * * ## #### *
#., ...#
##.###.## #..# *
*
........###..###*
, ##.@........ ,
, #.†.W.#..## * ,
#.###.#..## ,,
... #.....# , ###
#.#...# , *
,...#...#* *
#W###...#*, * ,
#..* #.$..., ,
##,* #......,


You could see Proton's ghost.

Vanquished Creatures
  Ijyb (D:3)
  2 worker ants
  Robin (D:2)
  8 adders
  3 oozes
  2 worms (D:2)
  4 giant geckos
  2 ball pythons (D:2)
  11 bats
  A bat zombie (D:2)
  11 goblins
  9 hobgoblins
  7 kobolds
  3 quokkas
  4 giant cockroaches
  4 giant newts
  2 jackals (D:3)
  9 rats
  3 rat zombies (D:2)
87 creatures vanquished.

Notes
Turn   | Place    | Note
--------------------------------------------------------------
     0 | D:1      | Proton the Deep Dwarf Fighter began the quest for the Orb.
     0 | D:1      | Reached XP level 1. HP: 20/20 MP: 1/1
   123 | D:1      | Reached XP level 2. HP: 24/27 MP: 2/2
   754 | D:2      | Reached skill level 1 in Dodging
   754 | D:2      | Reached XP level 3. HP: 23/33 MP: 3/3
   925 | D:2      | Reached skill level 4 in Armour
   927 | D:2      | Reached XP level 4. HP: 25/40 MP: 4/4
   928 | D:2      | Found a snail-covered altar of Cheibriados.
   969 | D:2      | Noticed Robin
   981 | D:2      | Killed Robin
  1308 | D:2      | Found an ancient bone altar of Kikubaaqudgha.
  1462 | D:3      | Reached XP level 5. HP: 18/49 MP: 5/5
  1525 | D:3      | Found a white marble altar of Elyvilon.
  2032 | D:3      | Noticed Ijyb
  2038 | D:3      | Killed Ijyb
  2143 | D:4      | Noticed Proton's ghost (novice NaFi)
  2166 | D:4      | Reached skill level 5 in Armour
  2176 | D:4      | Slain by Proton's ghost

Vault maps used:
D:1:      mrwooster_arrival_arrow
D:2:      cheibriados_altar_1, lemuel_zombie_altar_kikubaaqudgha, uniq_robin
D:3:      lemuel_doored_altar, uniq_iyjb
D:4:      portal_sewer_entry_d

Action                   |  1- 3 |  4- 6 || total
-------------------------+-------+-------++-------
Melee: War axe           |   151 |   224 ||   375
Evoke: Wand              |       |     1 ||     1
  Eat: Bread ration      |       |     1 ||     1
       Beef jerky        |       |     1 ||     1
